AoeStats
← MeowMe

MegaRandom

508190698Analyzed
3v3 RM · 11d ago on Sep 21, 2026· 52m 14s· 6 players
Game mode
Random Map
Map size
Normal (6 player)
Population
200
Speed
Normal
Resources
Standard
Victory
Conquest
Starting age
Dark Age
Ending age
Imperial Age
RankedLock teamsTeams togetherTeam positionsShared explorationLock speedFull tech treeHidden civsTurbo modeCheats
Victory
Defeat
🇧🇾 Spanish · Belarus
1506
+12
🇬🇪 Slavs · Georgia
1437
+14
🇫🇷 Dravidians · France
1408
+16
🇹🇷 Vietnamese · Türkiye
1444
-16
🇹🇷 Magyars · Türkiye
1392
-13
🇹🇷 Japanese · Türkiye
1372
-13
JoyStick
11:10 Feudal Age
11:25 Loom
11:49 Double-Bit Axe
11:48 Horse Collar
14:21 Town Watch
15:15 Fletching
16:03 Gold Mining
19:20 Padded Archer Armor
26:32 Castle Age
26:14 Stone Mining
28:43 Bow Saw
28:34 Heavy Plow
31:57 Wheelbarrow
31:49 Fortified Wall
31:20 Treadmill Crane
33:50 Hand Cart
34:32 Ballistics
34:08 Murder Holes
35:00 Bodkin Arrow
35:20 Leather Archer Armor
35:33 Chatras
36:54 Husbandry
37:04 Bloodlines
42:34 Imperial Age
41:09 Scale Barding Armor
41:15 Forging
41:17 Town Patrol
42:16 Chain Barding Armor
43:36 Paper Money
42:54 Elite Battle Elephant
44:21 Plate Barding Armor
44:24 Iron Casting
45:01 Chemistry
45:14 Two-Man Saw
44:55 Crop Rotation
45:42 Hoardings
45:13 Bracer
45:54 Murder Holes
46:39 Elite Skirmisher
47:24 Thumb Ring
47:58 Ring Archer Armor
47:27 Imperial Skirmisher
49:08 Scale Mail Armor
49:34 Sappers
Sebastian von Rumelien
10:57 Feudal Age
14:34 Castle Age
13:00 Double-Bit Axe
13:41 Horse Collar
19:21 Sanctity
20:29 Loom
23:10 Wheelbarrow
24:27 Fervor
29:15 Imperial Age
27:45 Hand Cart
27:16 Town Watch
30:07 Bow Saw
31:17 Fletching
31:40 Bloodlines
31:30 Husbandry
33:34 Chemistry
32:30 Bodkin Arrow
33:33 Bracer
34:18 Ballistics
33:56 Heavy Cavalry Archer
35:40 Thumb Ring
35:45 Padded Archer Armor
36:12 Parthian Tactics
36:13 Gold Mining
39:03 Leather Archer Armor
tetikçi
10:43 Feudal Age
14:42 Castle Age
13:50 Double-Bit Axe
15:26 Horse Collar
15:54 Scale Barding Armor
17:32 Loom
22:34 Fletching
23:10 Padded Archer Armor
24:34 Bodkin Arrow
27:47 Ballistics
28:27 Town Watch
31:32 Leather Archer Armor
33:23 Wheelbarrow
36:48 Hand Cart
Dedpool_Aoe
7:58 Loom
10:17 Feudal Age
10:47 Double-Bit Axe
17:52 Castle Age
17:01 Horse Collar
19:20 Bow Saw
20:24 Wheelbarrow
27:49 Town Watch
35:20 Imperial Age
33:09 Hand Cart
35:21 Ballistics
35:31 Fletching
36:28 Thumb Ring
36:42 Bodkin Arrow
36:49 Padded Archer Armor
37:53 Chemistry
36:31 Elite Elephant Archer
38:37 Bracer
39:31 Leather Archer Armor
39:21 Husbandry
40:58 Elite Skirmisher
42:15 Ring Archer Armor
42:28 Conscription
43:11 Heavy Plow
45:48 Wootz Steel
45:35 Medical Corps
47:44 Scale Mail Armor
48:44 Forging
49:41 Chain Mail Armor
50:06 Iron Casting
48:53 Pikeman
49:39 Squires
51:57 Plate Mail Armor
52:29 Blast Furnace
51:37 Halberdier
52:03 Arson
OLADUSHEK
10:47 Feudal Age
9:56 Loom
12:05 Town Watch
15:13 Castle Age
13:36 Double-Bit Axe
13:56 Horse Collar
16:13 Bow Saw
22:50 Wheelbarrow
22:09 Gold Mining
23:37 Padded Archer Armor
24:38 Leather Archer Armor
25:55 Heavy Plow
26:53 Husbandry
28:46 Bloodlines
30:46 Hand Cart
34:25 Imperial Age
34:29 Elite Conquistador
35:33 Conscription
36:11 Ring Archer Armor
37:14 Two-Man Saw
36:05 Stone Mining
36:50 Supremacy
37:27 Stone Shaft Mining
39:47 Town Patrol
39:57 Sappers
46:15 Ballistics
46:56 Chemistry
45:51 Fletching
MeowMe
13:59 Feudal Age
14:48 Horse Collar
17:39 Castle Age
15:52 Double-Bit Axe
19:25 Bow Saw
20:47 Loom
21:32 Stone Mining
21:32 Gold Mining
23:22 Gold Mining
26:34 Wheelbarrow
25:44 Town Watch
27:49 Bloodlines
32:32 Imperial Age
30:04 Scale Mail Armor
30:12 Scale Barding Armor
30:40 Detinets
31:03 Forging
31:07 Fletching
31:51 Hand Cart
31:37 Heavy Plow
32:24 Town Patrol
32:52 Chain Barding Armor
33:42 Iron Casting
33:22 Bodkin Arrow
34:20 Plate Barding Armor
36:37 Blast Furnace
36:01 Conscription
36:26 Crop Rotation
35:54 Elite Boyar
39:20 Heavy Scorpion
50:13 Two-Man Saw
50:08 Ballistics
49:59 Fortified Wall
49:55 Siege Engineers
Connection lost

Rejoining the realm…

Still unreachable

The connection could not be restored.

Session expired

The server has moved on; the page needs a fresh start.